 Dungeon Crawl Stone Soup version 0.25.0-1-g7eea58d (webtiles) character file.

Game seed: 9779162472118744649

19 GeorgeSoros the Chiller (level 2, -4/21 HPs)
             Began as a Merfolk Ice Elementalist on June 28, 2020.
             Slain by an orc warrior
             ... wielding a +0 trident
              (19 damage)
             ... on level 1 of the Dungeon.
             The game lasted 00:04:21 (802 turns).

GeorgeSoros the Chiller (Merfolk Ice Elementalist)   Turns: 802, Time: 00:04:21

Health: -4/21      AC:  3    Str:  8    XL:     2   Next: 75%
Magic:  5/5        EV: 13    Int: 14    God:
Gold:   32         SH:  0    Dex: 14    Spells: 4/5 levels left

rFire    . . .     SeeInvis .   e - +0 spear
rCold    . . .     Gourm    .   (no shield)
rNeg     . . .     Faith    .   a - +1 robe
rPois    .         Spirit   .   (no helmet)
rElec    .         Reflect  .   (no cloak)
rCorr    .         Harm     .   (no gloves)
MR       .....                  (no boots)
Stlth    ++........             (no amulet)
HPRegen  0.07/turn              (no ring)
MPRegen  0.09/turn              (no ring)

@: no status effects
A: change form in water, swift swim, stealthy swim
a: no special abilities


You were on level 1 of the Dungeon.
You were not hungry.

You visited 1 branch of the dungeon, and saw 2 of its levels.

You collected 32 gold pieces.

Inventory:

Hand Weapons
 e - a +0 spear (weapon)
Armour
 a - a +1 robe (worn)
 d - a +0 kite shield
Potions
 b - a potion of haste {unknown}
 g - a potion of lignification
 j - 2 potions of heal wounds
Comestibles
 c - 3 rations


   Skills:
 + Level 1.1 Fighting
 + Level 1.2 Polearms
 + Level 3.2 Dodging
 - Level 2.1 Stealth
 - Level 2.0 Spellcasting
 + Level 4.6 Ice Magic


You had 4 spell levels left.
You knew the following spells:

 Your Spells              Type           Power        Failure   Level  Hunger
a - Freeze                Ice            ##..         3%          1    ##.....

Your spell library contained the following spells:

 Spells                   Type           Power        Failure   Level  Hunger
 Frozen Ramparts          Ice            ##....       11%         3    ####...
 Ozocubu's Armour         Chrm/Ice       #.......     28%         3    ####...
 Hailstorm                Conj/Ice       #.......     67%         4    #####..
 Summon Ice Beast         Ice/Summ       #.......     67%         4    #####..


Dungeon Overview and Level Annotations

Branches:
Dungeon (2/15)

Altars:


Message History

The helpless frilled lizard fails to defend itself.
You hit the frilled lizard.
You kill the frilled lizard!
There is an open door here.
You see here 6 large rocks.
There is an open door here.
Done exploring.
There is a stone staircase leading down here.
You climb downwards.
A worm, 2 orcs, an orc warrior and an orc priest come into view.
An orc is wielding a +0 dagger of venom.
The orc priest shouts!
The orc warrior shouts!
The orc shouts!
There is a stone staircase leading up here.
The orc closely misses you. The orc priest hits you with a +0 whip.
The orc warrior misses you.
You climb upwards.
There is a stone staircase leading down here.
The orc warrior hits you from afar with a +0 trident!!
Ouch! That really hurt!
You die...

#......#......#
###......#......##
#.................
#.###.############
#.##....###
#.........########
#oo.....^.'.......
#.........########
#@#.......# ##
#.+.......# #.
###.......# #####.
#.......# #...#.
#.......###.#...
#........##.##..
##.......##..###
###.......8..++
#######...###


You could see an orc warrior and an orc priest.

Vanquished Creatures
  A dart slug (D:1)
  A giant cockroach (D:1)
  A goblin (D:1)
  3 hobgoblins (D:1)
  3 kobolds (D:1)
  5 bats (D:1)
  A frilled lizard (D:1)
15 creatures vanquished.

Notes
Turn   | Place    | Note
-------+----------+-------------------------------------------
     0 | D:1      | GeorgeSoros the Merfolk Ice Elementalist began the quest
                  | for the Orb.
     0 | D:1      | Reached XP level 1. HP: 13/13 MP: 3/3
   386 | D:1      | Reached XP level 2. HP: 19/20 MP: 5/5
   445 | D:1      | Reached skill level 1 in Fighting
   445 | D:1      | Reached skill level 1 in Polearms
   798 | D:2      | Noticed an orc warrior
   802 | D:1      | Slain by an orc warrior

Illustrated notes

Levels and vault maps discovered:
D:1:      grunt_arrival_crossed_arrows, layout_basic
D:2:      layout_loops_ring, minmay_misc_feat_pillars

Skill      XL: |  1  2 |
---------------+-------+-----
Dodging        | 3 |  3.2
Fighting       | 1 |  1.1
Polearms       | 1 |  1.2
Stealth        | |  2.1
Spellcasting   | |  2.0
Ice Magic      | |  4.6

Action                   || total
-------------------------++-------
Melee: Spear             ||    38
 Cast: Freeze            ||     3
  Use: Scroll            ||     7
 Stab: Sleeping          ||     3
Armor: Robe              ||     6
Dodge: Dodged            ||    24
